 Dungeon Crawl Stone Soup version bcrawl-1.19.1 (webtiles) character file.

Game seed: 2118440353732424569

105 Niddhogr the Stinger (level 4, 0/30 HPs)
             Began as a Demonspawn Venom Mage on Dec 1, 2019.
             Killed by divine providence
             ... invoked by an orc priest
              (12 damage)
             ... on level 3 of the Dungeon.
             The game lasted 00:05:46 (2506 turns).

Niddhogr the Stinger (Demonspawn Venom Mage)        Turns: 2506, Time: 00:05:47

Health: 0/30       AC:  5    Str:  8    XL:     4   Next: 54%
Magic:  2/7        EV: 12    Int: 18    God:
Gold:   117        SH:  0    Dex: 13    Spells: 0/7 levels left

rFire    . . .     SeeInvis .   n - +0 short sword
rCold    . . .     Gourm    .   (no shield)
rNeg     . . .     Faith    .   a - +0 robe
rPois    .         Spirit   .   (helmet restricted)
rElec    +         Reflect  .   (no cloak)
rCorr    .         Harm     .   (no gloves)
MR       .....                  b - +0 pair of boots
Stlth    ++........             q - amulet of magic regeneration
HPRegen  0.10/turn              s - ring of insulation
MPRegen  0.35/turn              (no ring)

@: very slightly contaminated
A: antennae 1, yellow scales 1
a: no special abilities


You were on level 3 of the Dungeon.
You were hungry.

You visited 1 branch of the dungeon, and saw 3 of its levels.

You collected 117 gold pieces.

Inventory:

Hand Weapons
 n - a +0 short sword (weapon)
Armour
 a - a +0 robe (worn)
 b - a +0 pair of boots (worn)
Jewellery
 q - an amulet of magic regeneration (around neck)
 s - a ring of insulation (left hand)
Scrolls
 e - 7 scrolls of identify {unknown}
 h - a scroll of fog {unknown}
 k - 2 scrolls of magic mapping {unknown}
 l - a scroll of blinking {unknown}
 m - a scroll of remove curse {unknown}
 o - 2 scrolls of immolation {unknown}
Potions
 c - a potion of berserk rage {!q}
 d - 2 potions of degeneration {!q}
 g - a potion of curing {unknown}
 i - a potion of ambrosia {unknown}
 j - 2 potions of heal wounds {unknown}
 p - 2 potions of resistance {unknown}
 t - 2 potions of lignification {unknown}
Comestibles
 f - 5 rations {!d}
 r - 2 chunks of flesh


   Skills:
 - Level 1.7 Dodging
 - Level 2.0 Stealth
 - Level 2.0 Spellcasting
 - Level 1.0 Conjurations
 + Level 5.4 Poison Magic


You couldn't memorise any spells.
You knew the following spells:

 Your Spells              Type           Power        Failure   Level  Hunger
a - Sting                 Conj/Pois      ##..         4%          1    #......
b - Poisonous Vapours     Pois/Air       ##....       9%          2    ###....
c - Olgreb's Toxic Radia  Pois           ###.....     21%         4    #####..

Your spell library contained the following spells:

 Spells                   Type           Power        Failure   Level  Hunger
 Ignite Poison            Fire/Tmut/Pois #.......     26%         3    ###....
 Summon Scorpions         Summ/Pois      ##......     52%         4    #####..
 Venom Bolt               Conj/Pois      ##........   80%         5    ######.


Dungeon Overview and Level Annotations

Branches:
Dungeon (3/12)

Altars:


Innate Abilities, Weirdness & Mutations

You have a pair of small antennae on your head.
You are partially covered in yellow scales. (AC +2)


Message History

* * * LOW MAGIC WARNING * * *
The orc hits you.
The orc priest looks even sicker.
You take 1 damage, and have 26/30 hp.
You now have 2/7 mp.
Some of the chunks of flesh in your inventory have rotted away.
The orc priest invokes the aid of Beogh against you.
Beogh smites you!
* * * LOW HITPOINT WARNING * * *
You take 13 damage, and have 13/30 hp.
MASSIVE DAMAGE!!
Aim: an orc priest, wielding a +0 short sword (severely wounded, poisoned)
You miscast Poisonous Vapours.
You are very lightly contaminated with residual magic.
Your vision is briefly tinged with green.
* * * LOW MAGIC WARNING * * *
The orc hits you.
* * * LOW HITPOINT WARNING * * *
You take 2 damage, and have 11/30 hp.
You now have 1/7 mp.
The orc priest invokes the aid of Beogh against you.
Beogh smites you!
You die...

##########################
..........................
..........................
..........................
...........#######..[.....
...........#..o.@........#
##.........#o#.#########+#
...........#.#.# .....
...<........o..#####...(.
.#.........#.#)##.......o
...............##........
......#####......o.......
.........................
.###############.........


You could see an orc priest and an orc.

Levels and vault maps discovered:
D:1:      ldierk_water_garden, layout_basic
D:2:      kennysheep_big_flooded_room, layout_basic, kennysheep_generic_room_14
D:3:      layout_basic, elyvilon_altar_3, makhleb_grotto_becter, first_ration

Notes
Turn   | Place    | Note
-------+----------+-------------------------------------------
     0 | D:1      | Niddhogr the Demonspawn Venom Mage began the quest for the
                  | Orb.
     0 | D:1      | Reached XP level 1. HP: 13/13 MP: 3/3
    68 | D:1      | Identified a +0 pair of boots (You found it on level 1 of
                  | the Dungeon)
   197 | D:1      | Identified a cursed +0 club
   435 | D:1      | Gained mutation: You are partially covered in yellow
                  | scales. (AC +2) [demonic ancestry]
   435 | D:1      | Reached XP level 2. HP: 18/19 MP: 3/5
  1049 | D:2      | Learned a level 2 spell: Poisonous Vapours
  1052 | D:2      | Identified an amulet of guardian spirit (You found it on
                  | level 2 of the Dungeon)
  1190 | D:2      | Identified a +0 club
  1389 | D:2      | Identified a +0 short sword (You found it on level 2 of the
                  | Dungeon)
  1415 | D:2      | Reached skill level 4 in Poison Magic
  1416 | D:2      | Identified a +0 short sword
  1630 | D:2      | Identified an amulet of magic regeneration (You found it on
                  | level 2 of the Dungeon)
  1666 | D:2      | Reached XP level 3. HP: 24/24 MP: 4/6
  1794 | D:2      | Identified a +0 dagger
  1794 | D:2      | Identified a +0 hunting sling
  2286 | D:3      | Gained mutation: You have a pair of small antennae on your
                  | head. [demonic ancestry]
  2286 | D:3      | Reached XP level 4. HP: 30/30 MP: 4/7
  2294 | D:3      | Reached skill level 5 in Poison Magic
  2330 | D:3      | Learned a level 4 spell: Olgreb's Toxic Radiance
  2378 | D:3      | Identified a ring of insulation (You found it on level 3 of
                  | the Dungeon)
  2480 | D:3      | Identified a +0 dagger
  2480 | D:3      | Identified a +0 robe
  2480 | D:3      | Identified a +0 leather armour
  2481 | D:3      | Identified a +0 short sword
  2506 | D:3      | Killed from afar by an orc priest

Table legend:
 A = Turns spent in this place as a percentage of turns spent in the entire game.
 B = Non-inter-level travel turns spent in this place as a percentage of non-inter-level travel turns spent in the entire game.
 C = Inter-level travel turns spent in this place as a percentage of turns spent in this place.
 D = Turns resting spent in this place as a percentage of non-inter-level travel turns spent in this place.
 E = Turns spent auto-exploring this place as a percentage of non-inter-level travel turns spent in this place.
 F = Non-inter-level travel turns spent in this place divided by the number of levels of this place that you've seen.
                   A       B       C       D       E      F
               +-------+-------+-------+-------+-------+----------------------
         Total | 100.0 | 100.0 |   2.3 |   0.0 |  86.4 | 816.3
       Dungeon | 100.0 | 100.0 |   2.3 |   0.0 |  86.4 | 816.3
               +-------+-------+-------+-------+-------+----------------------

Table legend:
 A = Kills in this place as a percentage of kills in entire the game.
 B = Kills by you in this place as a percentage of kills by you in the entire game.
 C = Kills by friends in this place as a percentage of kills by friends in the entire game.
 D = Other kills in this place as a percentage of other kills in the entire game.
 E = Experience gained in this place as a percentage of experience gained in the entire game.
 F = Experience gained in this place divided by the number of levels of this place that you have seen.
                   A       B       C       D       E      F
               +-------+-------+-------+-------+-------+----------------------
         Total | 100.0 | 100.0 |   N/A |   N/A | 100.0 |  50.3
       Dungeon | 100.0 | 100.0 |   N/A |   N/A | 100.0 |  50.3
               +-------+-------+-------+-------+-------+----------------------

Skill      XL: |  1  2  3  4 |
---------------+-------------+-----
Poison Magic   | 4 5 |  5.4
Dodging        | |  1.7
Stealth        | |  2.0
Spellcasting   | |  2.0
Conjurations   | |  1.0

Action                   |  1- 3 |  4- 6 || total
-------------------------+-------+-------++-------
Melee: Unarmed           |    18 |       ||    18
       Short sword       |    42 |    11 ||    53
       Club              |    13 |       ||    13
 Cast: Sting             |    19 |     1 ||    20
       Poisonous Vapours |    13 |     6 ||    19
 Stab: Sleeping          |     1 |       ||     1
  Eat: Chunk             |     6 |       ||     6
Armor: Robe              |    36 |     4 ||    40
Dodge: Dodged            |    66 |     9 ||    75

Vanquished Creatures
  An orc wizard (D:3)
  A worker ant (D:3)
  An adder (D:3)
  An ooze (D:2)
  2 worms (D:2)
  A leopard gecko (D:3)
  A ball python (D:2)
  A giant cockroach (D:3)
  4 goblins
  3 hobgoblins
  2 jackals (D:3)
  5 kobolds
  2 quokkas (D:2)
  7 bats
  2 frilled lizards
  4 rats
  A toadstool (D:1)
39 creatures vanquished.

Vanquished Creatures (others)
  3 toadstools (D:1)
3 creatures vanquished.

Grand Total: 42 creatures vanquished
